Map: Galactic Process LE

Players

MaSa - Winner!

  • Race: Terran Terran

ShoWTimE

  • Race: Protoss Protoss

Event: IEM Season 11 - Shanghai

VOD

Have the link to the VOD?

Description

Time

  • Played on: July 28, 2016, 11:35 a.m.
  • Length: 19:30

All games in this series

Show
View Real Time Build Order
Export as new Build Order

MaSa Terran - Winner!

Build Orders: Reaper Expand, MMM Bio 

Get SALT Encoding   

  12  0:01  SCV  
  13  0:13  SCV  
  14  0:18  Supply Depot  
  14  0:25  SCV  
  15  0:31  Refinery  
  15  0:39  SCV  
  16  0:44  Barracks  
  16  0:51  SCV  
  17  1:03  SCV  
  18  1:15  SCV  
  19  1:31  Reaper  
  19  1:32  Orbital Command  
  20  1:42  Command Center  
  20  1:53  Factory  
  20  1:57  SCV  
  21  2:07  Barracks Reactor  
  21  2:08  Supply Depot  
  21  2:13  SCV  
  22  2:17  Refinery  
  22  2:25  SCV  
  23  2:37  SCV  
  23  2:43  Starport  
  24  2:44  Marine x2  
  24  2:48  Widow Mine  
  24  2:49  SCV  
  29  2:57  Orbital Command  
  29  3:01  SCV  
  29  3:05  Marine x2  
  32  3:13  SCV  
  32  3:17  Widow Mine  
  32  3:19  Medivac  
  37  3:20  Supply Depot  
  37  3:23  SCV  
  37  3:25  Marine  
  37  3:26  Marine  
  40  3:33  SCV  
  41  3:37  SCV  
  41  3:45  Marine x2  
  41  3:46  SCV  
  41  3:47  Factory Tech Lab  
  44  3:49  Medivac  
  44  3:50  SCV  
  47  4:00  Supply Depot, SCV  
  48  4:04  Barracks  
  48  4:05  Siege Tank  
  48  4:08  SCV  
  52  4:12  Marine x2  
  52  4:15  SCV  
  54  4:18  Liberator  
  54  4:23  SCV  
  55  4:29  Refinery  
  55  4:30  Marine x2, SCV  
  61  4:39  SCV  
  61  4:42  SCV  
  60  4:48  Marine x2  
  60  4:52  Barracks Tech Lab  
  62  4:55  Supply Depot, Engineering Bay  
  62  5:04  SCV  
  62  5:14  Bunker x2, Stimpack  
  62  5:15  Supply Depot  
  62  5:17  Marine x3, SCV x2  
  67  5:29  SCV  
  67  5:32  SCV  
  69  5:37  Command Center  
  67  5:46  SCV  
  67  5:48  Barracks, SCV  
  69  5:52  Medivac  
  69  5:53  Barracks  
  69  5:58  Bunker, SCV  
  69  6:00  Widow Mine  
  69  6:02  SCV  
  73  6:05  Missile Turret  
  73  6:10  Terran Infantry Weapons Level 1, SCV  
  74  6:15  Marine x3  
  74  6:17  SCV  
  78  6:22  Supply Depot  
  76  6:31  Missile Turret, SCV  
  74  6:33  Marine, SCV  
  74  6:37  Medivac  
  76  6:43  Factory Reactor, SCV  
  76  6:45  Marine, SCV  
  80  6:47  Marine  
  80  6:49  Barracks Tech Lab  
  80  6:51  Barracks Reactor  
  59  6:54  Orbital Command  
  80  6:55  SCV  
  80  6:56  Barracks Tech Lab  
  80  6:58  SCV  
  81  7:05  Marine x2  
  81  7:06  Supply Depot  
  82  7:11  Barracks  
  82  7:13  Combat Shields  
  82  7:21  SCV  
  82  7:24  Marauder x2  
  82  7:29  SCV, Armory  
  87  7:30  Factory Reactor  
  87  7:31  Engineering Bay  
  87  7:35  Marine x4, SCV  
  92  7:41  Refinery  
  92  7:42  Supply Depot  
  92  7:43  Orbital Command  
  92  7:47  Marauder  
  92  7:49  Medivac  
  96  7:55  Medivac, SCV  
  96  7:57  Concussive Shells, Marine  
  100  8:01  SCV  
  100  8:04  Marauder  
  103  8:06  Marine x2, Marauder  
  103  8:07  SCV  
  103  8:12  Supply Depot  
  105  8:14  Supply Depot  
  105  8:17  SCV  
  105  8:18  Missile Turret  
  105  8:19  SCV  
  107  8:22  Terran Infantry Armor Level 1  
  107  8:26  Supply Depot  
  107  8:27  Liberator  
  107  8:28  Terran Infantry Weapons Level 2  
  107  8:31  Widow Mine x2, Liberator  
  107  8:33  SCV  
  112  8:34  SCV  
  112  8:35  SCV  
  112  8:38  Refinery  
  112  8:41  Marauder  
  115  8:42  Marine x2  
  115  8:43  Marine  
  124  8:53  Marauder x2  
  127  8:56  Marine  
  127  9:00  Supply Depot, Marine  
  127  9:02  Widow Mine, Marine x2, Marauder  
  131  9:03  Widow Mine  
  131  9:07  Supply Depot  
  135  9:13  Ghost Academy  
  135  9:14  Marauder  
  135  9:15  Marine x2  
  139  9:17  Liberator x2  
  139  9:27  Marine x2  
  139  9:28  Marine, Marauder  
  144  9:33  Marine  
  144  9:35  Supply Depot  
  144  9:36  Supply Depot x2  
  150  9:45  Widow Mine x2, Marine  
  157  9:57  Refinery  
  157  9:58  Marine  
  157  9:59  Marine  
  85  10:00  Liberator, Ghost x2  
  156  10:02  Ghost  
  161  10:11  Marine  
  160  10:19  Marine x2  
  160  10:28  Supply Depot  
  159  10:29  Supply Depot, Ghost x2  
  159  10:32  Ghost  
  159  10:33  Marine  
  166  10:42  Marine x3  
  169  10:56  Marine  
  170  10:57  Ghost  
  170  10:58  Ghost  
  170  11:01  Terran Infantry Weapons Level 3  
  170  11:02  Marauder  
  176  11:06  Marine x3  
  179  11:21  Marine  
  179  11:23  Marauder  
  179  11:24  Liberator, Marine  
  182  11:27  Marauder  
  182  11:31  Ghost  
  184  11:37  Barracks  
  184  11:38  Barracks  
  187  11:51  Terran Infantry Armor Level 2  
  187  11:54  Liberator  
  187  12:07  Marine  
  186  12:20  Command Center  
  170  12:23  Terran Ship Weapons Level 1  
  160  12:32  Marine x3, Ghost x2  
  167  12:42  Marine  
  167  12:43  Marauder  
  170  12:50  Marine x3  
  171  12:55  Medivac x2  
  172  13:01  Barracks Tech Lab, Marauder x2  
  172  13:02  Barracks Tech Lab  
  172  13:04  Marauder  
  168  13:14  Marine x3  
  167  13:22  Starport, Marauder  
  167  13:23  Marauder  
  170  13:29  Viking x2  
  174  13:38  Marine, Marauder  
  174  13:47  Starport  
  172  13:55  Personal Cloaking  
  172  13:57  Marine  
  172  13:59  Viking, Medivac  
  172  14:00  Marine  
  172  14:02  Marine  
  174  14:05  Orbital Command  
  174  14:10  Marine x2  
  171  14:20  Ghost  
  171  14:23  Viking x2  
  172  14:29  Viking  
  172  14:30  Widow Mine  
  176  14:33  Marine x2  
  178  14:40  Marauder x2  
  182  14:48  Marine, Marauder  
  182  14:51  Marine  
  182  14:52  Marine, Orbital Command  
  127  15:00  Viking x2  
  182  15:06  Widow Mine  
  185  15:08  Viking  
  185  15:13  Viking  
  188  15:26  Marine x3, Marauder x2  
  194  15:29  Viking  
  187  15:39  Marine, Marauder  
  185  15:45  Marine x2, Marauder  
  185  15:46  Marauder  
  172  15:50  Marine  
  172  15:51  Marauder x2  
  172  15:56  Marine  
  162  16:00  Marine  
  162  16:02  Viking  
  162  16:03  Marine x2  
  146  16:06  Marine x2  
  146  16:08  Marine  
  131  16:12  Marine x2  
  131  16:14  Widow Mine, Marine  
  131  16:15  Widow Mine  
  131  16:18  Marine  
  135  16:21  Marine x2  
  135  16:24  Marine x2  
  135  16:25  SCV x2  
  141  16:26  Marine  
  141  16:29  Marine  
  141  16:32  Medivac x2  
  147  16:36  Viking  
  147  16:39  Viking  
  151  16:40  Marine  
  151  16:41  Marine  
  151  16:42  Marine x2  
  155  16:52  Missile Turret, Bunker, SCV x2  
  155  16:53  Marauder  
  156  17:02  Missile Turret, Viking  
  156  17:03  Marine, Marauder x2  
  162  17:11  Marine, Ghost x2  
  167  17:18  Marine  
  167  17:19  Marauder  
  167  17:20  SCV x4  
  169  17:29  Marine x4  
  170  17:30  Viking  
  170  17:31  Viking  
  170  17:32  SCV  
  170  17:34  Marauder  
  170  17:36  Widow Mine, Marine  
  176  17:38  Widow Mine  
  180  17:47  SCV  
  180  17:48  SCV  
  180  17:50  Marine, Marauder x2  
  177  17:56  Marine  
  177  17:57  Marauder x2  
  181  18:00  Marine  
  181  18:03  Marine  
  181  18:04  Marine  
  180  18:11  Viking x2  
  181  18:17  Viking  
  183  18:30  Marauder  
  183  18:36  Marine x3, Marauder  
  183  18:37  Viking, Marine  
  183  18:38  Marine  
  188  18:48  Marauder x2  
  192  18:50  Viking, Marine  
  192  18:54  Marine x3  
  198  18:57  Medivac  
Show
View Real Time Build Order
Export as new Build Order

ShoWTimE Protoss 

Build Orders: 1 Gate Expand, Oracle Opening 

Get SALT Encoding   

  12  0:00  Probe (Chrono Boost)  
  13  0:11  Probe (Chrono Boost)  
  14  0:17  Pylon  
  14  0:22  Probe (Chrono Boost)  
  15  0:35  Probe (Chrono Boost)  
  16  0:36  Gateway  
  16  0:42  Assimilator  
  16  0:46  Probe (Chrono Boost)  
  17  0:56  Probe (Chrono Boost)  
  18  1:07  Probe (Chrono Boost)  
  19  1:21  Nexus  
  19  1:22  Probe (Chrono Boost)  
  20  1:32  Cybernetics Core  
  20  1:35  Probe (Chrono Boost)  
  21  1:42  Assimilator  
  21  1:46  Probe (Chrono Boost)  
  22  1:51  Pylon  
  22  1:57  Probe (Chrono Boost)  
  23  2:06  Adept  
  23  2:10  Probe (Chrono Boost)  
  23  2:15  Stargate  
  27  2:23  Probe (Chrono Boost), Warp Gate  
  27  2:29  Adept  
  27  2:35  Probe (Chrono Boost)  
  27  2:36  Probe (Chrono Boost)  
  30  2:47  Probe x2 (Chrono Boost)  
  32  2:53  Oracle  
  32  2:57  Probe (Chrono Boost)  
  37  2:59  Probe (Chrono Boost)  
  37  3:08  Probe (Chrono Boost)  
  37  3:11  Probe (Chrono Boost)  
  39  3:20  Nexus  
  39  3:23  Probe x2 (Chrono Boost)  
  41  3:31  Pylon  
  42  3:35  Probe (Chrono Boost)  
  42  3:36  Probe (Chrono Boost)  
  43  3:46  Probe (Chrono Boost), Oracle, Pylon  
  43  3:47  Probe (Chrono Boost)  
  45  3:57  Mothership Core (Chrono Boost)  
  45  4:00  Probe (Chrono Boost)  
  45  4:01  Gateway  
  48  4:05  Gateway  
  48  4:12  Probe (Chrono Boost)  
  48  4:15  Assimilator  
  48  4:16  Probe (Chrono Boost)  
  50  4:17  Assimilator  
  50  4:19  Phoenix  
  52  4:26  Probe (Chrono Boost)  
  52  4:27  Probe (Chrono Boost)  
  52  4:29  Adept  
  56  4:33  Probe (Chrono Boost)  
  56  4:36  Robotics Facility  
  56  4:37  Probe (Chrono Boost)  
  56  4:38  Probe (Chrono Boost)  
  59  4:45  Phoenix  
  59  4:46  Pylon  
  61  4:55  Probe x2 (Chrono Boost), Pylon  
  61  4:56  Probe (Chrono Boost)  
  64  5:01  Adept  
  66  5:12  Probe x2 (Chrono Boost)  
  66  5:14  Probe (Chrono Boost), Pylon  
  67  5:20  Adept x2  
  71  5:23  Probe (Chrono Boost)  
  71  5:24  Phoenix  
  74  5:38  Adept  
  74  5:41  Adept  
  74  5:42  Adept  
  78  5:44  Probe (Chrono Boost)  
  78  5:45  Probe (Chrono Boost), Phoenix  
  82  5:52  Pylon  
  82  5:55  Twilight Council  
  82  6:05  Nexus  
  82  6:07  Pylon  
  82  6:15  Pylon  
  82  6:21  Forge  
  82  6:23  Resonating Glaives  
  82  6:24  Observer  
  85  6:33  Probe (Chrono Boost), Adept x3  
  85  6:34  Probe (Chrono Boost)  
  91  6:41  Protoss Ground Weapons Level 1  
  91  6:42  Pylon  
  91  6:46  Pylon  
  91  6:49  Gateway  
  91  6:55  Gateway  
  91  7:00  Probe x2 (Chrono Boost), Immortal  
  97  7:06  Sentry x2  
  101  7:08  Adept  
  101  7:13  Probe x2 (Chrono Boost)  
  101  7:14  Pylon  
  105  7:19  Pylon  
  105  7:20  Probe (Chrono Boost)  
  106  7:25  Probe x2 (Chrono Boost)  
  106  7:29  Gateway  
  108  7:30  Probe (Chrono Boost), Gateway  
  110  7:37  Probe (Chrono Boost)  
  110  7:38  Gateway  
  110  7:41  Probe (Chrono Boost)  
  111  7:45  Assimilator  
  111  7:47  Immortal, Assimilator  
  115  7:57  Adept  
  115  7:58  Adept x3  
  123  8:02  Pylon  
  123  8:04  Probe x2 (Chrono Boost)  
  125  8:12  Blink  
  125  8:14  Nexus  
  125  8:16  Pylon  
  125  8:17  Templar Archives  
  125  8:26  Stalker x2  
  129  8:29  Protoss Ground Armor Level 1  
  129  8:38  Stalker x3  
  135  8:43  Probe (Chrono Boost)  
  135  8:44  Probe (Chrono Boost)  
  135  8:45  Immortal  
  135  8:47  Psionic Storm  
  141  9:02  High Templar x2  
  145  9:03  Pylon  
  145  9:04  Pylon  
  145  9:05  High Templar  
  147  9:15  High Templar  
  149  9:19  Warp Prism, Pylon  
  151  9:31  Zealot, Adept  
  151  9:32  Adept x2  
  159  9:47  Adept x4  
  159  9:50  Probe (Chrono Boost), Immortal, Assimilator  
  159  9:51  Probe x3 (Chrono Boost)  
  171  9:53  Assimilator  
  171  9:57  Stalker x3  
  171  9:58  Stalker  
  183  10:01  Pylon  
  183  10:13  Fleet Beacon  
  183  10:15  Stargate  
  183  10:17  Stargate  
  183  10:21  Protoss Ground Armor Level 2  
  181  10:24  Immortal  
  185  10:37  Adept x4  
  185  10:42  Forge  
  187  11:02  Adept x4  
  195  11:06  Tempest  
  195  11:09  Dark Shrine  
  195  11:13  Photon Cannon  
  195  11:14  Photon Cannon  
  195  11:16  Photon Cannon  
  193  11:35  Adept  
  195  11:44  Photon Cannon  
  195  11:46  Photon Cannon  
  195  11:48  Photon Cannon  
  195  11:50  Photon Cannon  
  195  11:56  Pylon  
  195  11:57  Pylon  
  195  11:59  Tempest  
  178  12:10  Adept x2  
  178  12:11  Adept  
  175  12:16  Tempest  
  179  12:26  Photon Cannon  
  179  12:27  Nexus  
  179  12:29  Adept  
  178  12:37  Tempest  
  178  12:46  Protoss Ground Weapons Level 2, Protoss Ground Armor Level 3  
  178  12:49  Adept  
  178  12:51  Pylon  
  178  12:54  Archon x2, Tempest  
  162  13:15  Pylon  
  162  13:17  Pylon  
  158  13:21  Pylon  
  158  13:27  Tempest  
  158  13:30  Pylon  
  158  13:31  Tempest  
  160  13:35  Pylon  
  160  13:36  High Templar x4  
  168  14:05  Oracle  
  168  14:06  Assimilator  
  168  14:07  High Templar  
  168  14:08  Tempest  
  176  14:17  Assimilator  
  176  14:20  Warp Prism  
  176  14:23  Dark Templar  
  180  14:31  Adept x4  
  180  14:32  Adept  
  189  14:55  Adept x5  
  189  14:56  Nexus  
  197  15:01  Observer, Pylon  
  197  15:22  Observer  
  197  15:26  Adept  
  196  15:39  Adept x6  
  196  15:40  Adept  
  170  15:43  Immortal  
  147  15:51  Adept  
  135  15:59  Adept x2  
  135  16:00  Adept x5  
  102  16:15  Probe (Chrono Boost)  
  102  16:17  Probe x3 (Chrono Boost)  
  104  16:23  Immortal  
  104  16:26  Probe (Chrono Boost), High Templar  
  104  16:28  Assimilator  
  104  16:30  Probe x3 (Chrono Boost), Assimilator  
  104  16:32  Adept x2  
  112  16:36  Probe (Chrono Boost)  
  115  16:45  Dark Templar  
  117  16:53  Stalker  
  119  17:05  Adept x4  
  119  17:06  Adept x2  
  131  17:13  Immortal  
  135  17:28  Adept x6  
  145  17:39  High Templar  
  147  17:48  Adept x4  
  155  17:56  Adept x2  
  149  18:00  Dark Templar  
  149  18:02  Pylon  
  141  18:09  Adept x3  
  135  18:19  Assimilator  
  131  18:36  Adept x4  
  135  18:48  High Templar x2  
  129  18:51  Archon  
  129  18:52  Archon  
  127  18:59  Stalker x2  
  129  19:05  Adept  
  131  19:15  Adept  
  131  19:16  Adept x2  

Tags
 
Add a new tag
Caveats
  • Supply blocks, unpowered buildings, or Contaminate may cause inaccurate times.
  • Supply counts are checked every 10 seconds.